 Dungeon Crawl Stone Soup version 0.30-a0-778-g2ef04afb54 (webtiles) character file.

Game seed: 10501408998211069317

77 avis the Shooter (level 3, -2/28 HPs)
             Began as a Demigod Hexslinger on Feb 17, 2023.
             Slain by a gnoll
             ... wielding a +0 flail
              (7 damage)
             ... on level 3 of the Dungeon.
             The game lasted 00:09:18 (1621 turns).

avis the Shooter (Demigod Hexslinger)               Turns: 1621, Time: 00:09:19

Health: -2/28      AC:  2    Str: 17    XL:     3   Next: 92%
Magic:  6/6        EV: 12    Int: 15    God:
Gold:   85         SH:  0    Dex: 18    Spells: 3/4 levels left

rFire   . . .      SeeInvis .    b - +0 shortbow
rCold   . . .      Faith    .    (shield currently unavailable)
rNeg    . . .      Spirit   .    c - +0 robe
rPois   .          Reflect  .    (no helmet)
rElec   .          Harm     .    (no cloak)
rCorr   .          Rampage  .    (no gloves)
Will    .....                    (no boots)
Stlth   ++                       (no amulet)
HPRegen 0.24/turn                e - +6 ring of strength
MPRegen 0.10/turn                (no ring)

@: no status effects
A: high MP 1, forlorn, divine attributes
a: no special abilities


You were on level 3 of the Dungeon.
You visited 1 branch of the dungeon, and saw 3 of its levels.

You collected 85 gold pieces.

Inventory:

Hand Weapons
 a - a +0 short sword
 b - a +0 shortbow (weapon)
 w - a +1 sling
 x - a +2 spear of venom
Missiles
 r - 4 boomerangs
Armour
 c - a +0 robe (worn)
 q - a +0 helmet
Magical Staves
 j - a staff of fire
Jewellery
 e - a +6 ring of strength (left hand)
Scrolls
 f - a scroll of torment {unknown}
 k - a scroll of blinking {unknown}
 l - 2 scrolls of fog {unknown}
 m - a scroll of noise {unknown}
 n - 2 scrolls of identify {unknown}
 p - 3 scrolls of poison
 t - a scroll of enchant weapon {unknown}
 v - a scroll of magic mapping {unknown}
Potions
 d - a potion of might {unknown}
 g - a potion of degeneration {unknown}
 h - a potion of flight {unknown}
 i - a potion of curing {unknown}
 o - a potion of mutation {unknown}
 s - a potion of brilliance {unknown}
 u - a potion of lignification {unknown}


   Skills:
 - Level 1.0 Fighting
 * Level 3.9 Ranged Weapons
 - Level 2.0 Dodging
 - Level 1.0 Spellcasting
 - Level 2.6 Hexes


You had 3 spell levels left.
You knew the following spells:

 Your Spells              Type           Power      Damage    Failure   Level
a - Slow                  Hex            32%        N/A       9%          1

Your spell library contained the following spells:

 Spells                   Type           Power      Damage    Failure   Level
 Inner Flame              Hex/Fire       4%         N/A       38%         3
 Portal Projectile        Hex/Tloc       8%         N/A       38%         3
 Gell's Gravitas          Tloc           0%         N/A       58%         3
 Teleport Other           Tloc           0%         N/A       58%         3
 Cause Fear               Hex            4%         N/A       63%         4
 Animate Dead             Necr           0%         N/A       94%         4
 Borgnjor's Vile Clutch   Necr/Erth      0%         N/A       100%        5
 Death Channel            Necr           0%         N/A       100%        6
 Dispersal                Tloc           0%         N/A       100%        6


Dungeon Overview and Level Annotations

Branches:
Dungeon (3/15)

Annotations:
D:1 2 transporters


Innate Abilities, Weirdness & Mutations

You have an increased reservoir of magic. (+10% MP)
You shall have no god before yourself.
Your divine heritage dramatically boosts your attributes as you level up.


Message History

Fire: b) +0 shortbow
Press: ? - help, Q - select action, (/) - cycle Shift-Dir - straight line, f/p - gnoll
Aim: a gnoll, wielding a +0 whip (almost dead, 65% to hit)
You shoot an arrow. The arrow barely misses the gnoll.
The arrow hits the gnoll.
The gnoll is heavily wounded.
The gnoll closely misses you.
Fire: b) +0 shortbow
Press: ? - help, Q - select action, (/) - cycle Shift-Dir - straight line, f/p - gnoll
Aim: a gnoll, wielding a +0 whip (almost dead, 65% to hit)
You shoot an arrow. The arrow hits the gnoll.
You kill the gnoll!
Fire: b) +0 shortbow
Press: ? - help, Q - select action, (/) - cycle Shift-Dir - straight line, f - gnoll
Aim: a gnoll, wielding a +0 flail (heavily wounded, 65% to hit)
You shoot an arrow. The arrow closely misses the gnoll. x2
The gnoll shouts!
The gnoll barely misses you.
Fire: b) +0 shortbow
Press: ? - help, Q - select action, (/) - cycle Shift-Dir - straight line, f/p - gnoll
Aim: a gnoll, wielding a +0 flail (heavily wounded, 65% to hit)
You shoot an arrow. The arrow closely misses the gnoll.
The arrow hits the gnoll but does no damage.
A gnoll comes into view. It is wielding a +0 whip.
The gnoll hits you with a +0 flail.
Fire: b) +0 shortbow
Press: ? - help, Q - select action, (/) - cycle Shift-Dir - straight line, f/p - gnoll
Aim: a gnoll, wielding a +0 flail (heavily wounded, 65% to hit)
You shoot an arrow. The arrow hits the gnoll.
The gnoll is heavily wounded.
The gnoll hits you with a +0 flail!
Fire: b) +0 shortbow
Press: ? - help, Q - select action, (/) - cycle Shift-Dir - straight line, f/p - gnoll
Aim: a gnoll, wielding a +0 flail (heavily wounded, 65% to hit)
You shoot an arrow. The arrow hits the gnoll.
The gnoll is almost dead.
The gnoll hits you with a +0 flail.
* * * LOW HITPOINT WARNING * * *
The gnoll hits you with a +0 flail!
You die...

#......# #.# #.#
#.# #g# #.#
######### #g#
........###g# ..
######.#.##@###
...
.....###.....#
...#.#.#...##.#.#
#.#.#.....(#.#.#
#............#.#
##.#......###.#
#.......## #.#
#...##### #.#
#...# #.#


You could see 3 gnolls.

Vanquished Creatures
  A gnoll (D:3)
  3 adders (D:2)
  A worm (D:3)
  2 dart slugs (D:1)
  An endoplasm (D:2)
  A giant cockroach (D:3)
  2 goblins (D:1)
  A hobgoblin (D:2)
  3 kobolds (D:2)
  2 quokkas
  8 ball pythons
  3 bats (D:2)
  2 frilled lizards
  9 rats
39 creatures vanquished.

Notes
Turn   | Place    | Note
-------+----------+-------------------------------------------
     0 | D:1      | avis the Demigod Hexslinger began the quest for the Orb.
     0 | D:1      | Reached XP level 1. HP: 15/15 MP: 4/4
    66 | D:1      | Reached skill level 2 in Ranged Weapons
    67 | D:1      | Reached skill level 1 in Fighting
   138 | D:1      | Reached XP level 2. HP: 23/23 MP: 5/5
   427 | D:2      | Reached skill level 3 in Ranged Weapons
   620 | D:2      | Reached XP level 3. HP: 20/28 MP: 6/6
  1621 | D:3      | Slain by a gnoll

Illustrated notes

Levels and vault maps discovered:
D:1:      spicycebolla_arrival_transporter_tutorial, layout_rooms
D:2:      layout_basic, hellmonk_ecumenical_altar_crossroads
D:3:      layout_loops_ring, gammafunk_temple_overflow_claw,
          kennysheep_pointless_box, chequers_serial_rivers_room_b,
          minmay_bisected, uniq_robin

Skill      XL: |  1  2 |
---------------+-------+-----
Ranged Weapons | 2 3 |  3.9
Fighting       | 1 |  1.0
Dodging        | 2 |  2.0
Spellcasting   | |  1.0
Hexes          | |  2.6

Action                     || total
---------------------------++-------
   Fire: Sling             ||    57
         Shortbow          ||    63
   Cast: Slow              ||     6
 Armour: Robe              ||    11
  Dodge: Dodged            ||    47

Table legend: (Time is in decaauts)
 A = Elapsed time spent in this place.
 B = Non-inter-level travel time spent in this place.
 C = Inter-level travel time spent in this place.
 D = Time resting spent in this place.
 E = Time spent auto-exploring this place.
 F = Levels seen in this place.
 G = Mean time per level.
                   A        B        C        D        E       F      G
               +--------+--------+--------+--------+--------+-----+--------+
         Total |   1654 |   1446 |    208 |    205 |    851 |   3 |  551.3 |
       Dungeon |   1654 |   1446 |    208 |    205 |    851 |   3 |  551.3 |
               +--------+--------+--------+--------+--------+-----+--------+

Top non-repeatable levels by time:
     D:2: 1083 daAuts
     D:1: 479 daAuts
     D:3: 91 daAuts
